 Dungeon Crawl Stone Soup version 0.28-a0-556-gab23d0e057 (webtiles) character file.

Game seed: 18306806296634747359

135 Rennog the Skirmisher (level 5, 0/44 HPs)
             Began as a Formicid Fighter on Sept 28, 2021.
             Was a Follower of the Shining One.
             Slain by Grinder (9 damage)
             ... on level 3 of the Dungeon.
             The game lasted 00:02:01 (2306 turns).

Rennog the Skirmisher (Formicid Fighter)            Turns: 2306, Time: 00:02:02

Health: 0/44       AC:  7    Str: 21    XL:     5   Next: 41%
Magic:  5/5        EV:  8    Int:  7    God:    the Shining One [*.....]
Gold:   167        SH:  8    Dex: 11    Spells: 4/4 levels left

rFire   . . .      SeeInvis +   a - +0 rapier
rCold   . . .      Faith    .   f - +0 kite shield
rNeg    . . .      Spirit   .   b - +0 scale mail
rPois   .          Reflect  .   (helmet unavailable)
rElec   .          Harm     .   (no cloak)
rCorr   .          Rampage  .   (no gloves)
Will    .....                   (no boots)
Stlth   ..........              (no amulet)
HPRegen 0.14/turn               (no ring)
MPRegen 0.09/turn               (no ring)

@: glowing
A: permanent stasis, dig shafts and tunnels, antennae 3, four strong arms
a: Dig, Shaft Self, Renounce Religion


You were on level 3 of the Dungeon.
You worshipped the Shining One.
The Shining One was aware of your devotion.
You visited 1 branch of the dungeon, and saw 3 of its levels.

You collected 167 gold pieces.

Inventory:

Hand Weapons
 a - a +0 rapier (weapon)
Armour
 b - a +0 scale mail (worn)
 f - a +0 kite shield (worn)
Wands
 i - a wand of flame (11)
Scrolls
 c - a scroll of fear {unknown}
 e - 2 scrolls of teleportation {unknown}
 g - a scroll of identify {unknown}
 h - a scroll of amnesia {unknown}
Potions
 d - 2 potions of might
 j - a potion of curing {unknown}
 k - a potion of lignification {unknown}


   Skills:
 * Level 5.0 Fighting
 - Level 2.0 Short Blades
 + Level 4.1 Armour
 + Level 4.6 Shields


You had 4 spell levels left.
You didn't know any spells.
Your spell library was empty.

Dungeon Overview and Level Annotations

Branches:
Dungeon (3/15)

Altars:
The Shining One

Shops:
D:2 =

Annotations:
D:3 Grinder


Innate Abilities, Weirdness & Mutations

You cannot be hasted, slowed, berserked, paralysed or teleported.
You can dig through walls and to a lower floor.
You have a pair of large antennae on your head. (SInv)
Your four strong arms can wield two-handed weapons with a shield.


Message History

Grinder hits you.
You writhe in agony.
You puncture Grinder!
Grinder is lightly wounded.
Grinder hits you but does no damage. You block Grinder's attack.
Your shield and scale mail prevent you from hitting Grinder.
Grinder is lightly wounded.
Grinder gestures at you. Pain shoots through your body!
You are too injured to fight recklessly!
You hit Grinder.
Grinder is moderately wounded.
Grinder hits you but does no damage.
You hit Grinder.
Grinder is heavily wounded.
You block Grinder's attack.
You hit Grinder.
Grinder is heavily wounded.
You block Grinder's attack.
You barely miss Grinder.
Grinder is heavily wounded.
Grinder hits you but does no damage. Grinder hits you.
You writhe in agony.
You hit Grinder.
Grinder is severely wounded.
Grinder gestures at you. You resist with significant effort.
You puncture Grinder!
Grinder is almost dead.
Grinder hits you.
* * * LOW HITPOINT WARNING * * *
You writhe in agony.
* * * LOW HITPOINT WARNING * * *
You hit Grinder but do no damage.
Grinder is almost dead.
Grinder gestures at you. Pain shoots through your body!
The Shining One protects you from harm!
You hit Grinder.
Grinder is almost dead.
Grinder hits you!
You die...

#..###..## ##.......##
#.....#.... #.###...###
#### ##......## ..#
......#..### #.#
..###......#
.######.####...........#
........@5.............##
..#####.####...........##
..................>....#.
###.####.........(.<.....
#..#......#............
#...........#########.
##......####..# #.
#.............# #.
.....##........# ###.


You could see Grinder.

Vanquished Creatures
  A jelly (D:2)
  Robin (D:3)
  3 adders (D:2)
  3 worms
  A dart slug (D:1)
  8 endoplasms
  6 hobgoblins
  3 jackals (D:2)
  2 quokkas (D:1)
  2 ball pythons
  3 bats
  2 frilled lizards (D:1)
  10 goblins (D:2)
  4 kobolds
  6 rats
55 creatures vanquished.

Notes
Turn   | Place    | Note
-------+----------+-------------------------------------------
     0 | D:1      | Rennog the Formicid Fighter began the quest for the Orb.
     0 | D:1      | Reached XP level 1. HP: 18/18 MP: 1/1
   180 | D:1      | Reached XP level 2. HP: 23/24 MP: 2/2
  1018 | D:2      | Reached XP level 3. HP: 26/28 MP: 3/3
  1026 | D:2      | Reached skill level 4 in Fighting
  1348 | D:2      | Found a faded altar of an unknown god.
  1384 | D:2      | Became a worshipper of the Shining One
  1384 | D:2      | Reached * piety under the Shining One
  1410 | D:2      | Reached XP level 4. HP: 37/38 MP: 4/4
  1420 | D:2      | Found Suisch's Jewellery Shoppe.
  1701 | D:2      | Reached XP level 5. HP: 40/43 MP: 5/5
  2097 | D:3      | Noticed Robin
  2269 | D:3      | Killed Robin
  2270 | D:3      | Reached skill level 5 in Fighting
  2295 | D:3      | Noticed Grinder
  2305 | D:3      | The Shining One protects you from harm!
  2306 | D:3      | Slain by Grinder

Illustrated notes

Levels and vault maps discovered:
D:1:      zelgadis_glass_arrival_small, layout_basic
D:2:      layout_rooms, hellmonk_ecumenical_altar_pennies_from_heaven,
          serial_shops, shop_statue, minivault_5
D:3:      layout_rooms, minmay_misc_feat_columns,
          minmay_fractal_squares_gapless_5, uniq_grinder, uniq_robin

Skill      XL: |  1  2  3  4  5 |
---------------+----------------+-----
Shields        | 4 |  4.6
Fighting       | 4 5 |  5.0
Armour         | 4 |  4.1
Short Blades   | |  2.0

Action                   |  1- 3 |  4- 6 || total
-------------------------+-------+-------++-------
Melee: Rapier            |    45 |    72 ||   117
       Short sword       |    52 |       ||    52
Armor: Scale mail        |    34 |    35 ||    69
Dodge: Dodged            |    42 |    20 ||    62
Block: Buckler           |     3 |       ||     3
       Kite shield       |    37 |    29 ||    66

Table legend: (Time is in decaauts)
 A = Elapsed time spent in this place.
 B = Non-inter-level travel time spent in this place.
 C = Inter-level travel time spent in this place.
 D = Time resting spent in this place.
 E = Time spent auto-exploring this place.
 F = Levels seen in this place.
 G = Mean time per level.
                   A        B        C        D        E       F      G
               +--------+--------+--------+--------+--------+-----+--------+
         Total |   2345 |   2283 |     62 |    129 |   1752 |   3 |  781.7 |
       Dungeon |   2345 |   2283 |     62 |    129 |   1752 |   3 |  781.7 |
               +--------+--------+--------+--------+--------+-----+--------+

Top non-repeatable levels by time:
     D:1: 1016 daAuts
     D:2: 973 daAuts
     D:3: 354 daAuts
